Map: Thunderbird LE

Players

Elazer

  • Race: Zerg Zerg
  • Spawn Location: 5:00

Harstem - Winner!

  • Race: Protoss Protoss
  • League: Grandmaster
  • Spawn Location: 11:00

VOD

Have the link to the VOD?

Description

Time

  • Played on: Aug. 29, 2019, 12:10 p.m.
  • Length: 8:49
Show
View Real Time Build Order
Export as new Build Order

Elazer Zerg 

Build Orders: Hatch First 

Get SALT Encoding   

  12  0:00  Drone  
  13  0:12  Overlord  
  13  0:16  Drone  
  14  0:30  Drone x2  
  16  0:47  Hatchery  
  15  0:50  Drone  
  15  0:53  Drone  
  17  0:57  Drone  
  18  1:07  Extractor  
  17  1:12  Spawning Pool  
  17  1:15  Drone  
  18  1:18  Drone  
  18  1:28  Drone  
  19  1:38  Drone  
  20  1:49  Drone  
  21  1:59  Queen x2  
  21  2:00  Overlord, Zergling x2  
  26  2:10  Zergling x2  
  26  2:11  Drone  
  28  2:24  Drone x2  
  28  2:27  Hatchery  
  29  2:31  Drone  
  29  2:32  Drone  
  31  2:39  Queen  
  33  2:44  Metabolic Boost  
  33  2:48  Overlord  
  33  2:51  Drone  
  33  2:53  Drone  
  33  2:56  Drone  
  36  3:07  Drone  
  36  3:08  Drone x2  
  36  3:09  Drone x3  
  36  3:12  Overlord  
  42  3:15  Drone  
  42  3:18  Drone  
  44  3:28  Overlord  
  44  3:31  Drone x2  
  45  3:37  Overlord  
  45  3:38  Drone x3  
  45  3:40  Drone  
  50  3:41  Drone  
  50  3:42  Queen  
  52  3:50  Drone x4  
  52  3:54  Spore Crawler x2  
  54  3:59  Overlord  
  54  4:00  Drone  
  55  4:03  Queen  
  55  4:06  Drone x2  
  55  4:08  Drone  
  60  4:11  Drone x2  
  60  4:14  Drone x3  
  65  4:22  Overlord  
  65  4:25  Drone x3, Extractor  
  65  4:27  Roach Warren, Extractor  
  65  4:30  Lair  
  65  4:32  Drone x2  
  65  4:33  Drone  
  65  4:35  Overlord  
  65  4:38  Drone  
  69  4:40  Drone  
  70  4:46  Overlord, Drone  
  70  4:47  Zergling x8  
  75  4:53  Evolution Chamber  
  75  4:54  Zergling x4  
  75  4:55  Drone x3  
  75  4:57  Drone  
  75  4:59  Overlord  
  80  5:00  Extractor  
  80  5:05  Overlord  
  79  5:08  Queen  
  79  5:11  Overlord  
  81  5:16  Overlord  
  81  5:17  Drone x4  
  85  5:23  Overlord  
  85  5:25  Zerg Missile Weapons Level 1  
  85  5:27  Overlord  
  85  5:30  Overlord, Extractor  
  85  5:31  Drone x5  
  85  5:33  Extractor  
  85  5:35  Drone  
  87  5:41  Drone  
  87  5:42  Drone x4  
  92  5:46  Hydralisk Den  
  92  5:48  Hatchery  
  92  5:49  Overlord  
  90  5:54  Overlord  
  90  5:55  Glial Reconstitution, Roach  
  92  5:58  Roach  
  94  6:05  Roach x2  
  94  6:07  Overlord  
  96  6:15  Hydralisk x8  
  96  6:16  Muscular Augments  
  111  6:18  Overlord  
  111  6:25  Baneling Nest, Roach x3  
  116  6:32  Overlord  
  118  6:33  Roach  
  118  6:36  Overlord  
  118  6:37  Roach x3  
  124  6:46  Drone x7  
  131  6:51  Drone  
  131  6:52  Drone x2  
  133  7:01  Overlord  
  133  7:02  Spire, Drone  
  133  7:03  Drone  
  133  7:04  Drone  
  133  7:05  Drone x2  
  133  7:07  Evolution Chamber  
  133  7:08  Drone x2  
  138  7:09  Extractor  
  138  7:13  Hatchery, Centrifical Hooks  
  136  7:19  Pneumatized Carapace  
  136  7:23  Hydralisk x4  
  136  7:25  Drone  
  136  7:26  Drone x2  
  136  7:27  Drone  
  148  7:33  Hydralisk x3  
  154  7:38  Roach x4  
  154  7:41  Roach x2  
  165  7:47  Roach x5  
  175  7:51  Hydralisk x3  
  180  8:02  Hydralisk x5  
  180  8:05  Hydralisk x2  
  169  8:11  Hydralisk x2  
  134  8:24  Hydralisk x3  
Show
View Real Time Build Order
Export as new Build Order

Harstem Protoss - Winner!

Build Orders: 1 Gate Expand, Oracle Opening, Phoenix Opening, Archon Immortal 

Get SALT Encoding   

  12  0:00  Probe  
  13  0:13  Probe  
  14  0:23  Pylon  
  14  0:25  Probe  
  15  0:32  Assimilator  
  15  0:38  Probe  
  16  0:46  Probe  
  16  0:50  Gateway  
  16  0:56  Probe  
  18  1:08  Probe  
  19  1:20  Probe  
  20  1:27  Nexus  
  20  1:36  Cybernetics Core  
  20  1:38  Probe  
  21  1:42  Assimilator  
  21  1:50  Probe  
  21  1:51  Pylon  
  22  2:02  Probe  
  22  2:03  Adept  
  23  2:14  Probe  
  26  2:16  Stargate  
  26  2:25  Probe  
  27  2:33  Warp Gate, Probe  
  27  2:34  Adept  
  27  2:35  Probe  
  29  2:41  Probe  
  29  2:43  Probe  
  31  2:48  Assimilator  
  33  2:52  Probe  
  33  2:53  Probe, Assimilator  
  35  3:01  Phoenix  
  35  3:05  Probe x2  
  39  3:17  Probe x2  
  41  3:20  Pylon  
  41  3:26  Robotics Facility  
  41  3:28  Oracle  
  41  3:29  Probe x2  
  41  3:41  Probe x2  
  45  3:45  Gateway  
  46  3:53  Probe x2  
  46  3:55  Oracle  
  48  4:00  Pylon  
  48  4:05  Probe x2  
  48  4:08  Warp Prism  
  53  4:17  Probe  
  53  4:18  Probe  
  53  4:20  Pylon  
  57  4:27  Sentry  
  57  4:29  Probe  
  60  4:35  Immortal  
  60  4:36  Pylon  
  60  4:40  Adept  
  60  4:41  Probe  
  60  4:43  Probe  
  68  4:57  Sentry  
  68  4:58  Probe  
  71  5:00  Probe  
  71  5:03  Sentry  
  74  5:07  Forge  
  74  5:08  Twilight Council, Nexus  
  74  5:10  Pylon  
  74  5:13  Probe  
  75  5:14  Immortal  
  75  5:22  Probe  
  75  5:25  Probe  
  78  5:34  Protoss Ground Weapons Level 1  
  78  5:38  Probe  
  78  5:39  Charge  
  78  5:42  Probe  
  80  5:50  Probe  
  80  5:52  Gateway  
  80  5:54  Probe  
  80  5:56  Gateway  
  82  5:58  Gateway, Pylon  
  82  6:00  Gateway  
  82  6:01  Immortal  
  82  6:02  Probe  
  82  6:03  Templar Archives  
  83  6:06  Probe  
  80  6:14  Probe  
  87  6:26  Gateway  
  87  6:28  Gateway  
  87  6:29  Gateway  
  87  6:31  Gateway  
  85  6:33  Gateway  
  85  6:39  Zealot  
  88  6:40  Assimilator  
  88  6:43  Assimilator  
  88  6:47  Zealot  
  92  6:52  Pylon  
  92  6:53  High Templar x2  
  92  6:54  Zealot  
  95  6:57  Pylon  
  95  6:58  Pylon  
  95  6:59  Immortal  
  95  7:04  Archon  
  95  7:05  High Templar x2  
  95  7:07  Pylon  
  99  7:09  Pylon, Archon  
  99  7:10  Pylon  
  99  7:11  Zealot  
  105  7:17  Probe x3  
  108  7:24  High Templar x2  
  108  7:26  Zealot x5  
  108  7:29  Probe  
  123  7:30  Archon  
  123  7:35  Zealot x2  
  127  7:37  Zealot x2  
  131  7:45  Probe  
  131  7:50  High Templar x2  
  136  7:51  Zealot  
  136  7:52  Zealot x2  
  136  7:55  Zealot x2, Archon  
  136  7:56  Archon  
  146  8:03  Zealot x4  
  116  8:14  Zealot x3  
  116  8:16  Probe  
  116  8:18  Probe  
  104  8:21  Zealot x2  
  96  8:29  Zealot x5  
  100  8:37  High Templar  
  100  8:38  High Templar x3  
  108  8:42  Archon  
  108  8:43  Archon  
  108  8:45  Zealot x2  
Tags
 
Add a new tag
Caveats
  • Supply blocks, unpowered buildings, or Contaminate may cause inaccurate times.
  • Supply counts are checked every 10 seconds.